 Dungeon Crawl Stone Soup version 0.29-a0-294-g83ea962da3 (webtiles) character file.

Game seed: 2141024054460825688

2732 kae the Arsonist (level 9, -2/45 HPs)
             Began as a Tengu Fire Elementalist on Mar 18, 2022.
             Was a Believer of Vehumet.
             Succumbed to a kobold brigand's curare-tipped dart
             ... in a bailey.
             The game lasted 00:09:43 (10524 turns).

kae the Arsonist (Tengu Fire Elementalist)         Turns: 10524, Time: 00:09:43

Health: -2/45      AC:  3    Str: 10    XL:     9   Next: 67%
Magic:  19/19      EV: 14    Int: 19    God:    Vehumet [**....]
Gold:   362        SH:  0    Dex: 14    Spells: 7/20 levels left

rFire   . . .      SeeInvis .   l - +0 spear
rCold   . . .      Faith    .   (no shield)
rNeg    . . .      Spirit   .   a - +1 robe
rPois   .          Reflect  .   (helmet restricted)
rElec   .          Harm     .   (no cloak)
rCorr   .          Rampage  .   (no gloves)
Will    .....                   (boots unavailable)
Stlth   ++........              (no amulet)
HPRegen 0.15/turn               f - +4 ring of slaying
MPRegen 0.16/turn               (no ring)

@: lethally poisoned (-2 -> -15), flying quickly and evasively, slowed, very
slow
A: beak, talons 3, nimble flight
a: Renounce Religion


You were in a bailey.
You worshipped Vehumet.
Vehumet was pleased with you.
You visited 2 branches of the dungeon, and saw 9 of its levels.
You also visited: Ossuary and Bailey.

You collected 509 gold pieces.
You spent 147 gold pieces at shops.

Inventory:

Hand Weapons
 l - a +0 spear (weapon)
Missiles
 d - 2 throwing nets
Armour
 a - a +1 robe (worn)
Jewellery
 f - a +4 ring of slaying (left hand)
Wands
 n - a wand of flame (21)
Scrolls
 e - 4 scrolls of teleportation
 i - 2 scrolls of enchant weapon
 m - a scroll of fear
 q - a scroll of silence
 v - a scroll of identify
Potions
 b - 4 potions of magic
 c - 4 potions of curing
 g - a potion of attraction
 h - 3 potions of degeneration
 j - 5 potions of might
 k - 2 potions of invisibility
 o - a potion of haste
 p - a potion of lignification
 r - a potion of flight
 s - a potion of brilliance {unknown}
 t - a potion of heal wounds {unknown}
 u - a potion of mutation {unknown}


   Skills:
 - Level 2.1 Dodging
 - Level 2.0 Stealth
 + Level 6.2 Spellcasting
 + Level 8.5 Conjurations
 * Level 10.6 Fire Magic


You had 7 spell levels left.
You knew the following spells:

 Your Spells              Type           Power      Damage    Failure   Level
a - Foxfire               Conj/Fire      100%       2x1d9     1%          1
b - Scorch                Fire           92%        2d9       1%          2
c - Conjure Flame         Conj/Fire      42%        6-21      1%          3
d - Inner Flame           Hex/Fire       26%        N/A       3%          3
e - Flame Wave            Conj/Fire      42%        2d9       2%          4

Your spell library contained the following spells:

 Spells                   Type           Power      Damage    Failure   Level
 Mephitic Cloud           Conj/Pois/Air  16%        N/A       11%         3


Dungeon Overview and Level Annotations

Branches:
Dungeon (8/15)             Temple (1/1) D:4         Ossuary (visited)
 Bailey (1/1)
   Lair: D:8-11

Altars:
Ashenzari
Cheibriados
Dithmenos
Elyvilon
Fedhas
Gozag
Hepliaklqana
Kikubaaqudgha
Makhleb
Nemelex Xobeh
Okawaru
Qazlal
Ru
Sif Muna
Trog
Uskayaw
Vehumet
Wu Jian
Xom
Yredelemnul
Zin
The Shining One

Shops:
D:3 (   D:6 ?:[!

Annotations:
D:3 Terence
D:4 3 runed translucent doors, Armakuni's ghost, amateur HuWn
D:8 exclusion: orc warrior


Innate Abilities, Weirdness & Mutations

You have a beak for a mouth.
You have claws for feet.
Your magical nature lets you fly swiftly and evasively.


Message History

Confirm with . or Enter, or press ? or * to list all spells.
You conjure some foxfire!
The kobold brigand shouts!
The kobold brigand throws a curare-tipped dart.
The curare-tipped dart hits you.
You are poisoned.
You have difficulty breathing.
You feel yourself slow down.
You feel very sick.
The foxfire hits the kobold brigand.
The kobold brigand is lightly wounded.
The kobold brigand throws a curare-tipped dart.
The curare-tipped dart completely misses you.
The kobold brigand throws a curare-tipped dart.
The curare-tipped dart hits you.
You are more poisoned.
You have difficulty breathing.
You feel as though you will be slow longer.
An orc warrior comes into view. It is wielding a +0 battleaxe.
You feel very sick.
Your foxfire dissipates!
An orc warrior comes into view. It is wielding a +0 war axe.
You feel very sick.
You feel very sick.
There is an open gate here.
You feel very sick.
You feel sick.
You feel sick.
You feel sick.
The kobold brigand throws a curare-tipped dart.
The curare-tipped dart misses you.
You feel sick.
You feel sick.
You are no longer poisoned.
The kobold brigand throws a curare-tipped dart.
The curare-tipped dart hits you.
You are lethally poisoned!
You have difficulty breathing.
* * * LOW HITPOINT WARNING * * *
You feel as though you will be slow longer.
You die...

#...# ####...####
##≈...(...≈##
#####≈≈.......≈≈#####
#....≈≈......)≈≈....#
#.###≈≈.......≈≈###.#
#....≈≈.......≈≈....#
#.###≈≈.....(.(≈###.#
#....≈≈...@...≈≈....#
#.###≈≈.......≈≈###.#
#....≈≈.......≈≈....#
#.###≈≈.......≈≈###.#
#....≈≈.......≈≈....#
#####≈≈.......≈≈#####
##≈...K...≈##
####'''#### ##...K.##


You could see a kobold brigand.

Vanquished Creatures
  A yak (D:8)
  2 water moccasins
  An orc warrior (Bailey)
  2 black bears
  3 phantoms
  3 bullfrogs
  3 kobold brigands (Bailey)
  A gnoll sergeant (D:7)
  2 scorpions (D:6)
  3 necrophages
  4 wights (D:7)
  2 howler monkeys
  4 orc priests
  2 gnoll shamans
  A jelly (D:7)
  An iguana (D:4)
  6 orc wizards
  8 mummies (Ossuary)
  13 gnolls
  4 adders
  An ufetubus (D:6)
  4 worms
  A dart slug (D:4)
  34 orcs
  3 bats
  4 endoplasms
  4 giant cockroaches
  2 gnoll zombies (Ossuary)
  14 goblins
  7 hobgoblins
  7 jackals
  3 quokkas
  7 ball pythons
  5 frilled lizards
  2 hobgoblin zombies (Ossuary)
  11 kobolds
  A kobold zombie (Ossuary)
  3 orc zombies (Ossuary)
  7 rats
186 creatures vanquished.

Vanquished Creatures (others)
  458 foxfires
  A plant (D:5)
459 creatures vanquished.

Grand Total: 645 creatures vanquished

Notes
Turn   | Place    | Note
-------+----------+-------------------------------------------
     0 | D:1      | kae the Tengu Fire Elementalist began the quest for the
                  | Orb.
     0 | D:1      | Reached XP level 1. HP: 10/10 MP: 4/4
   199 | D:1      | Reached XP level 2. HP: 15/15 MP: 4/6
   997 | D:2      | Reached skill level 4 in Fire Magic
   997 | D:2      | Reached XP level 3. HP: 19/19 MP: 4/7
  2063 | D:3      | Learned a level 2 spell: Scorch
  2067 | D:3      | Learned a level 3 spell: Conjure Flame
  2261 | D:3      | Noticed Terence
  2388 | D:3      | Reached XP level 4. HP: 24/24 MP: 4/8
  2560 | D:3      | Found a faded altar of an unknown god.
  2832 | D:3      | Found Xemo's Weapon Emporium.
  3342 | D:4      | Reached skill level 5 in Fire Magic
  3342 | D:4      | Gained mutation: Your magical nature lets you fly swiftly
                  | and evasively. [Tengu growth]
  3342 | D:4      | Reached XP level 5. HP: 28/28 MP: 1/10
  3830 | D:4      | Noticed a phantom
  3852 | D:4      | Killed a phantom
  3853 | D:4      | Reached XP level 6. HP: 19/32 MP: 3/11
  3981 | D:4      | Found a runed translucent gate.
  3981 | D:4      | Found a runed translucent gate.
  3981 | D:4      | Found a runed translucent gate.
  3985 | D:4      | Noticed Armakuni's ghost (amateur HuWn)
  3989 | D:4      | Noticed a yak
  4176 | D:4      | Reached skill level 6 in Fire Magic
  4306 | D:4      | Reached XP level 7. HP: 31/36 MP: 5/13
  4427 | D:4      | Found a staircase to the Ecumenical Temple.
  4737 | Temple   | Entered the Ecumenical Temple
  5001 | Temple   | Learned a level 3 spell: Inner Flame
  5006 | Temple   | Learned a level 4 spell: Flame Wave
  5031 | Temple   | Became a worshipper of Vehumet
  5112 | D:5      | Entered Level 5 of the Dungeon
  5337 | D:5      | Reached skill level 5 in Conjurations
  5863 | D:5      | Reached skill level 7 in Fire Magic
  6208 | D:5      | Reached XP level 8. HP: 39/41 MP: 7/15
  6837 | D:6      | Reached * piety under Vehumet
  6837 | D:6      | Offered knowledge of Freeze by Vehumet.
  6844 | D:6      | Reached skill level 8 in Fire Magic
  6887 | D:6      | Found a sand-covered staircase.
  6894 | Ossuary  | Entered an ossuary
  7467 | D:6      | Found Qatrumis's Distillery.
  7467 | D:6      | Found Umpopnoo's Antique Armour Boutique.
  7471 | D:6      | Found Soefoteunu's Book Boutique.
  7472 | D:6      | Found Wudo's Magic Scroll Boutique.
  7475 | D:6      | Bought a potion of degeneration for 11 gold pieces
  7475 | D:6      | Bought a potion of haste for 110 gold pieces
  7483 | D:6      | Bought a scroll of identify for 26 gold pieces
  7782 | D:6      | Reached skill level 5 in Spellcasting
  7953 | D:6      | Offered knowledge of Static Discharge by Vehumet.
  7957 | D:6      | Reached ** piety under Vehumet
  8219 | D:6      | Reached skill level 9 in Fire Magic
  8450 | D:7      | Reached XP level 9. HP: 33/45 MP: 7/18
  8886 | D:7      | Found an opulent altar of Gozag.
  8910 | D:7      | Found an opulent altar of Gozag.
  9365 | D:7      | Found an opulent altar of Gozag.
  9373 | D:7      | Found an opulent altar of Gozag.
  9498 | D:7      | Reached skill level 10 in Fire Magic
  9890 | D:8      | Found a flagged portal.
 10072 | Bailey   | Entered a bailey
 10148 | Bailey   | Offered knowledge of Mephitic Cloud by Vehumet.
 10305 | Bailey   | Identified the +2 robe of Majestic Brilliance {rPois MP+9
                  | Dex+3}
 10523 | Bailey   | HP: 2/45 [asphyx]
 10524 | Bailey   | Succumbed to a kobold brigand's curare-tipped dart

Illustrated notes

Levels and vault maps discovered:
D:1:      dpeg_arrival_fog, layout_rooms, chequers_serial_rivers_small_a
D:2:      layout_basic
D:3:      layout_basic, serial_shops, nicolae_shop_advertising_works
          [nicolae_subvault_shop_adworks], basic_ecumenical_altar,
          minmay_misc_feat_plants, uniq_terence
D:4:      layout_loops_ring, minmay_temple_entry_statues_fountains,
          gammafunk_ghost_split
D:5:      corexii_shack_village, layout_loops_ring
D:6:      layout_rooms, enter_ossuary_1, minmay_shop_grid_forest
D:7:      layout_cave_pools, nicolae_gozag_conspicuous_consumption
D:8:      layout_basic, enter_bailey_3, kennysheep_diamond
Temple:   mainiacjoe_temple_archimedes_tessellation
Bailey:   bailey_axe_3, bailey

Skill      XL: |  1  2  3  4  5  6  7  8  9 |
---------------+----------------------------+-----
Conjurations   | 2 3 4 5 7 8 |  8.5
Fire Magic     | 4 5 6 7 9 10 | 10.6
Spellcasting   | 3 4 5 6 |  6.2
Dodging        | |  2.1
Stealth        | |  2.0

Action                   |  1- 3 |  4- 6 |  7- 9 || total
-------------------------+-------+-------+-------++-------
Melee: Unarmed           |     8 |       |       ||     8
       Kick              |     3 |       |       ||     3
       Peck              |     1 |       |       ||     1
       Spear             |       |     8 |       ||     8
 Cast: Foxfire           |    88 |    27 |   161 ||   276
       Scorch            |     2 |    33 |    82 ||   117
       Inner Flame       |       |       |     8 ||     8
       Flame Wave        |       |       |     1 ||     1
  Use: Scroll            |     3 |     5 |     9 ||    17
 Stab: Sleeping          |       |     1 |       ||     1
Armor: Robe              |     2 |     4 |    14 ||    20
Dodge: Dodged            |     8 |    32 |    49 ||    89

Table legend: (Time is in decaauts)
 A = Elapsed time spent in this place.
 B = Non-inter-level travel time spent in this place.
 C = Inter-level travel time spent in this place.
 D = Time resting spent in this place.
 E = Time spent auto-exploring this place.
 F = Levels seen in this place.
 G = Mean time per level.
                   A        B        C        D        E       F      G
               +--------+--------+--------+--------+--------+-----+--------+
         Total |  10248 |   9809 |    439 |   1725 |   6511 |  11 |  931.6 |
       Dungeon |   8944 |   8566 |    378 |   1320 |   5975 |   8 | 1118.0 |
        Temple |    304 |    243 |     61 |      0 |    214 |   1 |  304.0 |
       Ossuary |    554 |    554 |      0 |    121 |    280 |   1 |  554.0 |
        Bailey |    445 |    445 |      0 |    284 |     41 |   1 |  445.0 |
               +--------+--------+--------+--------+--------+-----+--------+

Top non-repeatable levels by time:
     D:5: 1664 daAuts
     D:3: 1426 daAuts
     D:2: 1334 daAuts
     D:6: 1239 daAuts
     D:4: 1120 daAuts
     D:7: 989 daAuts
     D:1: 841 daAuts
 Ossuary: 554 daAuts
  Bailey: 445 daAuts
     D:8: 327 daAuts
  Temple: 304 daAuts
